 Dungeon Crawl Stone Soup version 0.30-a0-374-g95c0257040 (webtiles) character file.

Game seed: 6656970016604499272

8418 Bediveer the Grappler (level 11, 0/99 HPs)
             Began as a Ghoul Warper on Nov 25, 2022.
             Was a Follower of Ru.
             Slain by Snorg (8 damage)
             ... on level 10 of the Dungeon.
             The game lasted 00:14:42 (10096 turns).

Bediveer the Grappler (Ghoul Warper)               Turns: 10096, Time: 00:14:43

Health: 0/99       AC: 14    Str: 20    XL:     11   Next: 30%
Magic:  12/12      EV: 14    Int: 11    God:    Ru [*.....]
Gold:   758        SH: 15    Dex: 13    Spells: 13/13 levels left

rFire   . . .      SeeInvis .      - Unarmed
rCold   + . .      Faith    .    t - +0 kite shield
rNeg    + + +      Spirit   .    q - +5 ring mail of the Mind {Dex+5}
rPois   ∞          Reflect  +    C - +1 helmet {Int+3}
rElec   .          Harm     .    (no cloak)
rCorr   .          Rampage  .    (no gloves)
Will    .....                    (no boots)
Stlth   +.........               B - amulet of reflection
HPRegen 0.00/turn                e - ring of flight
MPRegen 0.13/turn                x - +4 ring of evasion

@: mighty, flying, inhibited regen
A: claws 1, cold resistance 1, negative energy resistance 3, inhibited
regeneration, torment resistance 2, no ice magic, no summoning magic, no
transmutations magic, devour on kill
a: Renounce Religion


You were on level 10 of the Dungeon.
You worshipped Ru.
Ru was aware of your devotion.
You visited 1 branch of the dungeon, and saw 10 of its levels.

You collected 758 gold pieces.

Inventory:

Missiles
 c - 10 boomerangs of dispersal
 l - 17 poisoned darts
 m - a throwing net
 F - 9 boomerangs
Armour
 i - a +0 plate armour
 q - the +5 ring mail of the Mind (worn) {Dex+5}
   (You found it on level 2 of the Dungeon)

   Dex:       It affects your dexterity (+5).
 t - a +0 kite shield (worn)
 C - a +1 helmet of intelligence (worn)
Jewellery
 e - a ring of flight (left claw)
 r - an amulet of guardian spirit
 x - a +4 ring of evasion (right claw)
 B - an amulet of reflection (around neck)
 E - a ring of magical power
 G - a ring of willpower
Wands
 a - a wand of polymorph (3)
 y - a wand of paralysis (7)
 A - a wand of acid (23) (quivered)
Scrolls
 b - 2 scrolls of blinking
 k - a scroll of teleportation
 o - 3 scrolls of identify
 w - a scroll of fear
 D - 4 scrolls of poison
 K - a scroll of butterflies
 L - a scroll of immolation {unknown}
Potions
 d - 6 potions of curing
 f - 2 potions of degeneration
 g - 3 potions of flight
 h - a potion of brilliance
 j - 2 potions of mutation
 n - 2 potions of invisibility
 p - 2 potions of resistance
 s - 2 potions of lignification
 u - 2 potions of attraction
 z - 2 potions of cancellation
 H - 3 potions of heal wounds
 I - 2 potions of berserk rage
Miscellaneous
 J - a box of beasts
 M - a box of beasts


   Skills:
 + Level 10.0 Fighting
 - Level 0.8 Throwing
 + Level 8.0 Armour
 - Level 1.7 Dodging
 + Level 7.4 Shields
 + Level 10.0 Unarmed Combat
 - Level 1.7 Spellcasting
 - Level 2.6 Translocations


You had 13 spell levels left.
You didn't know any spells.
Your spell library contained the following spells:

 Spells                   Type           Power      Damage    Failure   Level
 Blink                    Tloc           12%        N/A       52%         2
 Slow                     Hex            0%         N/A       75%         1
 Lesser Beckoning         Tloc           12%        N/A       75%         3
 Teleport Other           Tloc           6%         N/A       75%         3
 Vhi's Electric Charge    Tloc/Air       6%         N/A       90%         3
 Kindle Blastsparks       Fire/Tloc/Air  4%         2d10      94%         3
 Confusing Touch          Hex            0%         N/A       98%         3
 Vampiric Draining        Necr           0%         2d6       98%         3
 Manifold Assault         Tloc           6%         N/A       98%         4
 Fulminant Prism          Conj/Hex       0%         3d5       100%        4
 Iskenderun's Mystic Bla  Conj/Tloc      3%         2d3       100%        4
 Lee's Rapid Deconstruct  Erth           0%         3d4*      100%        5


Dungeon Overview and Level Annotations

Branches:
Dungeon (10/15)            Temple (0/1) D:6             Orc (0/2) D:9
   Lair: D:8-11

Altars:
Ashenzari
Cheibriados
Hepliaklqana
Nemelex Xobeh
Okawaru
Ru
Uskayaw
Wu Jian
Yredelemnul
Jiyva

Shops:
D:5 ?   D:7 *   D:9 [(

Annotations:
D:7 3 runed translucent doors, qeuew's ghost, novice SpEn
D:10 Snorg


Innate Abilities, Weirdness & Mutations

You are immune to poison.
You have sharp fingernails.
Your flesh is cold resistant. (rC+)
You are immune to negative energy. (rN+++)
You do not regenerate when monsters are visible.
You are immune to unholy pain and torment.
You cannot study or cast Ice magic.
You cannot study or cast Summoning magic.
You cannot study or cast Transmutations magic.
You thrive by killing the living.


Message History

Snorg claws you.
* * * LOW HITPOINT WARNING * * *
You block Snorg's attack.
You scratch Snorg.
Snorg is severely wounded.
Snorg bites you!
* * * LOW HITPOINT WARNING * * *
Snorg claws you but does no damage. You block Snorg's attack.
Blink to where?
Press: ? - help, Dir - move target
As you read the scroll of blinking, it crumbles to dust.
Aiming: Corrosive Bolt
Press: ? - help, Q - select action, (/) - cycle Shift-Dir - straight line
Okay, then.
Throw: 18 darts (poison)
Press: ? - help, Q - select action, (/) - cycle Shift-Dir - straight line, f - Snorg
Aim: Snorg (severely wounded, berserk, 63% to hit)
You throw a poisoned dart. The poisoned dart barely misses Snorg.
Aiming: Corrosive Bolt
Press: ? - help, Q - select action, (/) - cycle Shift-Dir - straight line, f/p - Snorg
Aim: Snorg (severely wounded, berserk, 71% to hit)
The bolt of acid hits Snorg!
The acid corrodes Snorg!
Snorg is severely wounded.
You hear a shout!
Aiming: Corrosive Bolt
Press: ? - help, Q - select action, (/) - cycle Shift-Dir - straight line, f/p - Snorg
Aim: Snorg (severely wounded, berserk, covered in acid, 71% to hit)
The bolt of acid hits Snorg!
Snorg is almost dead.
Aiming: Corrosive Bolt
Press: ? - help, Q - select action, (/) - cycle Shift-Dir - straight line, f/p - Snorg
Aim: Snorg (almost dead, berserk, covered in acid, 71% to hit)
The bolt of acid misses Snorg.
Aiming: Corrosive Bolt
Press: ? - help, Q - select action, (/) - cycle Shift-Dir - straight line, f/p - Snorg
Aim: Snorg (almost dead, berserk, covered in acid, 71% to hit)
The bolt of acid hits Snorg!
Snorg is almost dead.
Snorg barely misses you. Snorg claws you but does no damage. Snorg claws you!
You die...

##. #................##.####
#...#.(.....##.##.......)<..
#...........##..............
###.#.......###....)........
#####......###..#.))......
###...##..#.###....).......
#........>#........).......
##........T................
#......÷..@.....#..........
#....................###...
##...............#.###8##..
#...............#.##...##.
#....##........#..#8...8#.
##....##.......#..##.....##
#......#......##.##8.._....
#.............##..##.....##
##...##............#8...8#


You could see Snorg (berserk, corroded).

Vanquished Creatures
  A two-headed ogre (D:10)
  A necromancer (D:10)
  4 kobold demonologists (D:9)
  2 hornets (D:9)
  3 yaks (D:10)
  A wyvern (D:9)
  4 humans (D:6)
  A wraith (D:9)
  A steam dragon (D:7)
  2 water moccasins
  2 ice beasts
  2 sky beasts
  6 centaurs
  4 ogres
  A phantom (D:5)
  A gnoll sergeant (D:10)
  5 kobold brigands
  A bullfrog (D:9)
  2 necrophages
  7 scorpions
  8 wights
  18 killer bees
  6 jellies
  2 orc priests
  2 hounds
  3 iguanas
  Ijyb (D:3)
  An orc wizard (D:8)
  2 polar bear simulacra (D:10)
  5 wolf simulacra (D:10)
  2 yak simulacra (D:10)
  6 gnolls
  14 adders
  A shadow imp (D:6)
  A white imp (D:6)
  An ufetubus (D:5)
  2 dart slugs
  A worm (D:2)
  36 orcs
  8 endoplasms
  4 giant cockroaches
  7 goblins
  10 hobgoblins
  2 quokkas (D:2)
  9 ball pythons
  5 bats
  3 frilled lizards
  18 kobolds
  9 rats
  2 river rat simulacra (D:10)
240 creatures vanquished.

Notes
Turn   | Place    | Note
-------+----------+-------------------------------------------
     0 | D:1      | Bediveer the Ghoul Warper began the quest for the Orb.
     0 | D:1      | Reached XP level 1. HP: 17/17 MP: 2/2
   141 | D:1      | Reached XP level 2. HP: 25/25 MP: 3/3
   445 | D:1      | Reached XP level 3. HP: 31/31 MP: 4/4
   782 | D:2      | Reached skill level 1 in Armour
   788 | D:2      | Found a sacrificial altar of Ru.
   807 | D:2      | Became a worshipper of Ru the Awakened
   841 | D:2      | Identified the +5 ring mail of the Mind {Dex+5}
  1082 | D:2      | Reached XP level 4. HP: 38/38 MP: 5/5
  1407 | D:3      | Noticed Ijyb
  1423 | D:3      | Killed Ijyb
  1471 | D:3      | Found a hazy altar of Hepliaklqana.
  1562 | D:3      | Found a basalt altar of Yredelemnul.
  1566 | D:3      | Reached XP level 5. HP: 46/46 MP: 6/6
  1654 | D:3      | Found an iron altar of Okawaru.
  3020 | D:4      | Reached XP level 6. HP: 37/53 MP: 7/7
  3256 | D:5      | Entered Level 5 of the Dungeon
  3283 | D:5      | Reached skill level 1 in Shields
  3441 | D:5      | Reached skill level 5 in Unarmed Combat
  3441 | D:5      | Reached XP level 7. HP: 7/60 MP: 8/8
  3441 | D:5      | HP: 3/60 [scorpion (4)]
  3450 | D:5      | Reached skill level 5 in Fighting
  3652 | D:5      | Found Oloarghuc's Magic Scroll Shoppe.
  4117 | D:6      | Found a sparkling altar of Nemelex Xobeh.
  4117 | D:6      | Found a broken altar of Ashenzari.
  4125 | D:6      | Found a staircase to the Ecumenical Temple.
  4175 | D:6      | Reached XP level 8. HP: 17/70 MP: 9/9
  5469 | D:6      | Reached skill level 5 in Armour
  5469 | D:6      | Reached XP level 9. HP: 52/78 MP: 10/10
  5744 | D:7      | Noticed qeuew's ghost (novice SpEn)
  5769 | D:7      | Found Beesur's Lightly-Used Armoury.
  5831 | D:7      | Reached skill level 5 in Shields
  6058 | D:7      | Found a runed translucent gate.
  6058 | D:7      | Found a runed translucent gate.
  6058 | D:7      | Found a runed translucent gate.
  7162 | D:8      | Reached XP level 10. HP: 72/88 MP: 11/11
  7343 | D:8      | Found a viscous altar of Jiyva.
  7808 | D:9      | Found a staircase to the Orcish Mines.
  7808 | D:9      | Found Judghe Zeah's Armour Shoppe.
  7808 | D:9      | Found Wasybbethri's Weapon Shoppe.
  7860 | D:9      | Found a snail-covered altar of Cheibriados.
  7931 | D:9      | Found the +7 Throatcutter {drain, coup de grace}
  7931 | D:9      | Noticed a kobold demonologist
  7931 | D:9      | Noticed a kobold demonologist
  7931 | D:9      | Noticed a kobold demonologist
  7931 | D:9      | Noticed a kobold demonologist
  7932 | D:9      | Noticed a rust devil
  7945 | D:9      | Noticed an orange demon
  7951 | D:9      | Killed a kobold demonologist
  7953 | D:9      | Noticed a smoke demon
  7956 | D:9      | Noticed an orange demon
  7975 | D:9      | Killed a kobold demonologist
  7979 | D:9      | Killed a kobold demonologist
  7988 | D:9      | Noticed a smoke demon
  7988 | D:9      | Killed a kobold demonologist
  8356 | D:9      | Found a hide-covered altar of Uskayaw.
  9106 | D:10     | Entered Level 10 of the Dungeon
  9115 | D:10     | Noticed a two-headed ogre
  9134 | D:9      | Reached XP level 11. HP: 97/97 MP: 12/12
  9145 | D:10     | Killed a two-headed ogre
  9259 | D:10     | Gained mutation: You cannot study or cast Ice magic. [Ru
                  | sacrifice]
  9259 | D:10     | Gained mutation: You cannot study or cast Transmutations
                  | magic. [Ru sacrifice]
  9259 | D:10     | Gained mutation: You cannot study or cast Summoning magic.
                  | [Ru sacrifice]
  9259 | D:10     | Reached * piety under Ru
  9438 | D:10     | Noticed a necromancer
  9443 | D:10     | Killed a necromancer
  9722 | D:10     | Found an ornate altar of the Wu Jian Council.
  9819 | D:10     | Reached skill level 10 in Unarmed Combat
  9838 | D:10     | Reached skill level 10 in Fighting
 10075 | D:10     | Noticed Snorg
 10096 | D:10     | Slain by Snorg

Illustrated notes

Levels and vault maps discovered:
D:1:      dpeg_arrival_tiny_g, layout_basic
D:2:      layout_basic, basic_altar
D:3:      layout_basic, okawaru_altar_gauntlet_db, mainiacjoe_overflow_alcove_1,
          mainiacjoe_overflow_divided_tiny, uniq_ijyb
D:4:      layout_layer_cave
D:5:      layout_rooms, serial_shops, shop_scrolls
D:6:      layout_cave_pods, nicolae_overflow_hidden_temple, temple_doors_e,
          minmay_ruffians
D:7:      layout_basic, gammafunk_ghost_icy, minmay_misc_feat_cross,
          minmay_shop_damaged
D:8:      layout_loops_cross, jiyva_altar_1
D:9:      layout_basic, kennysheep_slug_shrine, nicolae_uskayaw_dance_hall,
          orc_david_3, dilly_guarded_unrand_throatcut
D:10:     layout_cave_pools, nzn_wu_jian_council_hall, lemuel_round_altar,
          eino_house_with_fridge, uniq_snorg

Skill      XL: |  1  2  3  4  5  6  7  8  9 10 11 |
---------------+----------------------------------+-----
Fighting       | 3 4 5 6 8 9 10 | 10.0
Unarmed Combat | 3 4 5 6 8 9 10 | 10.0
Armour         | 1 2 3 4 5 6 7 8 |  8.0
Shields        | 1 2 4 5 7 |  7.4
Throwing       | |  0.8
Dodging        | |  1.7
Spellcasting   | |  1.7
Translocations | |  2.6

Action                   |  1- 3 |  4- 6 |  7- 9 | 10-12 || total
-------------------------+-------+-------+-------+-------++-------
Melee: Unarmed           |   113 |   197 |   382 |   361 ||  1053
       Punch             |     4 |     3 |    17 |     4 ||    28
Throw: Dart              |       |       |     3 |     3 ||     6
Invok: Reject Sacrifices |       |     1 |       |       ||     1
       Sacrifice Arcana  |       |       |       |     1 ||     1
Evoke: Wand              |       |       |       |     4 ||     4
  Use: Scroll            |     1 |     6 |     7 |     8 ||    22
       Potion            |       |       |     2 |     1 ||     3
Armor: Leather armour    |     9 |       |       |       ||     9
       Chain mail        |    35 |       |       |       ||    35
       Ring mail         |    13 |    72 |   158 |   132 ||   375
       Plate armour      |    10 |       |       |       ||    10
Dodge: Dodged            |    57 |    90 |   240 |   247 ||   634
Block: Other             |       |       |    58 |    18 ||    76
       Reflection        |       |       |     1 |     4 ||     5
       Kite shield       |       |       |       |   298 ||   298

Table legend: (Time is in decaauts)
 A = Elapsed time spent in this place.
 B = Non-inter-level travel time spent in this place.
 C = Inter-level travel time spent in this place.
 D = Time resting spent in this place.
 E = Time spent auto-exploring this place.
 F = Levels seen in this place.
 G = Mean time per level.
                   A        B        C        D        E       F      G
               +--------+--------+--------+--------+--------+-----+--------+
         Total |  10010 |   9627 |    383 |    198 |   7689 |  10 | 1001.0 |
       Dungeon |  10010 |   9627 |    383 |    198 |   7689 |  10 | 1001.0 |
               +--------+--------+--------+--------+--------+-----+--------+

Top non-repeatable levels by time:
     D:6: 1517 daAuts
     D:9: 1332 daAuts
     D:7: 1245 daAuts
     D:4: 1099 daAuts
    D:10: 975 daAuts
     D:8: 864 daAuts
     D:3: 842 daAuts
     D:5: 837 daAuts
     D:1: 771 daAuts
     D:2: 524 daAuts
